 Dungeon Crawl Stone Soup version 0.29-a0-887-gcbe080d7e0 (webtiles) character file.

Game seed: 6261415935164716134

39 Gus979 the Trooper (level 3, -1/29 HPs)
             Began as a Demonspawn Fighter on July 21, 2022.
             Slain by a gnoll
             ... wielding a +0 whip
              (4 damage)
             ... on level 2 of the Dungeon.
             The game lasted 00:03:44 (1424 turns).

Gus979 the Trooper (Demonspawn Fighter)             Turns: 1424, Time: 00:03:45

Health: -1/29      AC:  6    Str: 18    XL:     3   Next: 28%
Magic:  3/3        EV:  7    Int:  9    God:
Gold:   80         SH: 10    Dex: 12    Spells: 2/2 levels left

rFire   . . .      SeeInvis .   a - +0 trident
rCold   . . .      Faith    .   f - +2 kite shield
rNeg    . . .      Spirit   .   b - +0 scale mail
rPois   .          Reflect  .   (no helmet)
rElec   .          Harm     .   (no cloak)
rCorr   .          Rampage  .   (no gloves)
Will    .....                   (no boots)
Stlth   ..........              (no amulet)
HPRegen 0.09/turn               (no ring)
MPRegen 0.08/turn               (no ring)

@: no status effects
A: demonic guardian 1
a: no special abilities


You were on level 2 of the Dungeon.
You visited 1 branch of the dungeon, and saw 2 of its levels.

You collected 80 gold pieces.

Inventory:

Hand Weapons
 a - a +0 trident (weapon)
Missiles
 i - 4 boomerangs (quivered)
Armour
 b - a +0 scale mail (worn)
 c - a +0 buckler
 f - a +2 kite shield (worn)
Jewellery
 j - a ring of ice
 n - a ring of ice
Scrolls
 k - a scroll of summoning {unknown}
 l - a scroll of blinking {unknown}
 o - a scroll of noise {unknown}
 p - a scroll of identify {unknown}
 r - a scroll of teleportation {unknown}
Potions
 d - a potion of might
 e - a potion of ambrosia
 g - a potion of resistance {unknown}
 h - a potion of berserk rage {unknown}
 m - a potion of brilliance {unknown}
 q - 2 potions of curing {unknown}


   Skills:
 + Level 3.3 Fighting
 + Level 2.3 Polearms
 + Level 3.1 Armour
 + Level 3.0 Shields


You had 2 spell levels left.
You didn't know any spells.
Your spell library was empty.

Dungeon Overview and Level Annotations

Branches:
Dungeon (2/15)

Altars:


Innate Abilities, Weirdness & Mutations

A weak demonic guardian rushes to your aid.


Message History

You block the gnoll's attack. The gnoll hits you with a +0 flail.
The gnoll attacks as you move away! The gnoll hits you with a +0 flail.
The gnoll attacks as you move away! You block the gnoll's attack.
The gnoll attacks as you move away! You block the gnoll's attack.
You see here a bubbling emerald potion.
You hit the gnoll but do no damage.
The gnoll is lightly wounded.
The gnoll hits you but does no damage.
You closely miss the gnoll.
The gnoll is lightly wounded.
The gnoll hits you with a +0 whip.
You hit the gnoll.
The gnoll is lightly wounded.
The gnoll barely misses you.
An endoplasm comes into view.
You block the gnoll's attack.
You hit the gnoll but do no damage.
The gnoll is lightly wounded.
The gnoll hits you with a +0 whip. The rat bites you but does no damage.
You hit the rat.
You kill the rat!
The gnoll barely misses you.
You puncture the goblin!
You kill the goblin!
You block the gnoll's attack. The gnoll hits you with a +0 whip.
You hit the gnoll but do no damage. The gnoll barely misses you. x2
You hit the gnoll.
The gnoll is moderately wounded.
You block the gnoll's attack. x2
You puncture the gnoll!
The gnoll is almost dead.
The gnoll closely misses you. You block the gnoll's attack. x2
The gnoll hits you with a +0 flail!
* * * LOW HITPOINT WARNING * * *
A demonic guardian appears!
You closely miss the gnoll.
The gnoll is almost dead.
Your ufetubus hits the gnoll.
Your ufetubus closely misses the gnoll.
The gnoll hits you with a +0 whip.
You die...

..##### #.... ..#...#
#...# ..#...#### #...
...<.....#######..#
.##...##.....<##..# .#
.##.......###.....###.#.
.##...###.# #g5......
.####.###.## #g#.##.##
.# #....#..# #@#.##.#
.###....##.### #.gJ...#
...#.........# ###...##
##......##.#.## #.#.#
###....##.#..## #...#
####....##.##..# #...#
...............###...###
..##....##.#.#.........#
####.#.###...####......#


You could see 3 gnolls, an endoplasm and a friendly ufetubus (summoned).

Vanquished Creatures
  2 dart slugs (D:2)
  A bat (D:1)
  3 endoplasms (D:1)
  3 giant cockroaches
  A goblin (D:2)
  2 hobgoblins
  A kobold (D:1)
  2 quokkas (D:2)
  2 ball pythons
  2 frilled lizards (D:1)
  2 rats
21 creatures vanquished.

Vanquished Creatures (collateral kills)
  An adder (D:1)
  A quokka (D:1)
  A kobold (D:1)
  A rat (D:1)
4 creatures vanquished.

Grand Total: 25 creatures vanquished

Notes
Turn   | Place    | Note
-------+----------+-------------------------------------------
     0 | D:1      | Gus979 the Demonspawn Fighter began the quest for the Orb.
     0 | D:1      | Reached XP level 1. HP: 18/18 MP: 1/1
     0 | D:1      | Noticed a tentacled monstrosity
     0 | D:1      | Noticed an iron dragon
     1 | D:1      | Noticed a large abomination
     3 | D:1      | Noticed an ice dragon
     3 | D:1      | Noticed an iron dragon
     7 | D:1      | Noticed a golden dragon
    10 | D:1      | Noticed an iron dragon
    10 | D:1      | Noticed an orb of fire
    12 | D:1      | Noticed a green draconian
    13 | D:1      | Noticed a large abomination
    14 | D:1      | Noticed an orb of fire
    16 | D:1      | Noticed a large abomination
    16 | D:1      | Noticed a red draconian
    18 | D:1      | Noticed a large abomination
    18 | D:1      | Noticed an ice dragon
    20 | D:1      | Noticed a large abomination
   496 | D:1      | Found a faded altar of an unknown god.
   590 | D:1      | Gained mutation: A weak demonic guardian rushes to your
                  | aid. [demonic ancestry]
   590 | D:1      | Reached XP level 2. HP: 22/24 MP: 2/2
  1122 | D:2      | Reached XP level 3. HP: 29/29 MP: 3/3
  1424 | D:2      | Slain by a gnoll

Illustrated notes

Levels and vault maps discovered:
D:1:      shiori_arrival_whats_in_store_for_you, layout_basic,
          hellmonk_ecumenical_altar_pennies_from_heaven
D:2:      layout_rooms

Skill      XL: |  1  2 |
---------------+-------+-----
Polearms       | 2 |  2.3
Armour         | 3 |  3.1
Shields        | 3 |  3.0
Fighting       | |  3.3

Action                   || total
-------------------------++-------
Melee: Trident           ||    97
  Use: Potion            ||     1
Armor: Scale mail        ||    38
Dodge: Dodged            ||    29
Block: Kite shield       ||    39
       Buckler           ||     2

Table legend: (Time is in decaauts)
 A = Elapsed time spent in this place.
 B = Non-inter-level travel time spent in this place.
 C = Inter-level travel time spent in this place.
 D = Time resting spent in this place.
 E = Time spent auto-exploring this place.
 F = Levels seen in this place.
 G = Mean time per level.
                   A        B        C        D        E       F      G
               +--------+--------+--------+--------+--------+-----+--------+
         Total |   1459 |   1420 |     39 |      0 |   1132 |   2 |  729.5 |
       Dungeon |   1459 |   1420 |     39 |      0 |   1132 |   2 |  729.5 |
               +--------+--------+--------+--------+--------+-----+--------+

Top non-repeatable levels by time:
     D:1: 1036 daAuts
     D:2: 423 daAuts
